 Dungeon Crawl Stone Soup version 0.22.0-75-g3901e79 (webtiles) character file.

288 ichi404 the Ducker (level 6, -6/46 HPs)
             Began as a Vampire Gladiator on Sept 11, 2018.
             Shot with an arrow by a centaur (7 damage)
             ... on level 6 of the Dungeon.
             The game lasted 00:15:42 (2556 turns).

ichi404 the Ducker (Vampire Gladiator)              Turns: 2556, Time: 00:15:43

Health: -6/46      AC:  7    Str: 15    XL:     6   Next: 9%
Magic:  6/6        EV: 14    Int: 11    God:
Gold:   40         SH:  0    Dex: 15    Spells: 5/5 levels left

rFire    . . .     SeeInvis +   j - +1 short sword (freeze)
rCold    + . .     Gourm    .   (no shield)
rNeg     + . .     Faith    .   b - +1 leather armour
rPois    .         Spirit   .   c - +0 helmet
rElec    .         Reflect  .   (no cloak)
rCorr    .         Harm     .   (no gloves)
MR       .....                  (no boots)
Stlth    ++........             (no amulet)
HPRegen  0.15/turn              (no ring)
MPRegen  0.10/turn              (no ring)

@: no status effects
A: fangs 3, slimy green scales 1, see invisible, cold resistance 1, sense
surroundings 1, unbreathing
a: Bat Form


You were on level 6 of the Dungeon.
You were not thirsty.

You visited 1 branch of the dungeon, and saw 6 of its levels.

You collected 40 gold pieces.

Inventory:

Hand Weapons
 a - a +0 long sword
 d - a +0 scythe
 j - a +1 short sword of freezing (weapon)
Armour
 b - a +1 leather armour (worn)
 c - a +0 helmet (worn)
 i - a +0 robe
Jewellery
 l - an uncursed ring of ice
Wands
 g - a wand of acid (10)
Scrolls
 h - a scroll of remove curse
Potions
 e - 3 potions of blood
Comestibles
 k - a ration


   Skills:
 + Level 2.5 Fighting
 + Level 4.5 Long Blades
 + Level 1.8 Throwing
 + Level 1.7 Armour
 + Level 5.1 Dodging
 + Level 1.9 Stealth


You had 5 spell levels left.
You didn't know any spells.
Your spell library was empty.

Dungeon Overview and Level Annotations

Branches:
Dungeon (6/15)
 Temple: D:4-7

Altars:
Elyvilon
Uskayaw


Innate Abilities, Weirdness & Mutations

You have razor-sharp teeth.
You have supernaturally acute eyesight. (SInv)
You can survive without breathing.
You are partially covered in slimy green scales. (AC +2)
Your flesh is cold resistant. (rC+)
You passively map a small area around you.


Message History

The orc wizard seems to speed up.
You slide downwards.
The hatch slams shut behind you.
A centaur comes into view.
You hit the orc wizard. You freeze the orc wizard. You bite the orc wizard.
The orc wizard is severely wounded.
The orc wizard misses you.
You barely miss the orc wizard.
The orc wizard is severely wounded.
The orc wizard looks satisfied for a moment.
The centaur wields a shortbow.
The centaur shoots an arrow.
The arrow barely misses you.
The arrow hits the orc wizard.
The orc wizard dies!
Your Dodging skill increases to level 5!
The centaur shoots an arrow.
The arrow misses you.
The centaur shoots an arrow.
The arrow hits you!
* * * LOW HITPOINT WARNING * * *
Things that are here:
a vampiric dagger; a robe The centaur shoots an arrow.
The arrow hits you!
You die...

* * * , ,* * ,
, , ##+#### ,
,* #.....# , ,
#.....# ,
.#######.....#
.......@.....#
########)....#
, , #.....# *
#.....#
#..c..#
#######


You could see a centaur.

Vanquished Creatures
  A centaur (D:3)
  A hound (D:5)
  An orc wizard (D:4)
  Jessica (D:3)
  A hound skeleton (D:5)
  3 gnolls (D:4)
  An adder (D:2)
  2 worms
  2 dart slugs (D:3)
  4 leopard geckos
  2 orcs
  3 giant cockroaches
  2 goblins
  2 hobgoblins
  2 kobolds
  6 bats
  A leopard gecko zombie (D:5)
  5 rats
40 creatures vanquished.

Vanquished Creatures (others)
  An orc wizard (D:6)
1 creature vanquished.

Grand Total: 41 creatures vanquished

Notes
Turn   | Place    | Note
-------+----------+-------------------------------------------
     0 | D:1      | ichi404 the Vampire Gladiator began the quest for the Orb.
     0 | D:1      | Reached XP level 1. HP: 16/16 MP: 1/1
   356 | D:2      | Found a hide-covered altar of Uskayaw.
   396 | D:2      | Reached XP level 2. HP: 12/22 MP: 2/2
   852 | D:2      | Found a white marble altar of Elyvilon.
  1054 | D:3      | Reached XP level 3. HP: 21/27 MP: 3/3
  1057 | D:3      | Reached skill level 4 in Dodging
  1104 | D:3      | Noticed a centaur
  1119 | D:3      | Killed a centaur
  1119 | D:3      | Reached skill level 1 in Armour
  1119 | D:3      | Reached skill level 1 in Stealth
  1119 | D:3      | Reached XP level 4. HP: 21/33 MP: 4/4
  1253 | D:3      | Noticed Jessica
  1281 | D:3      | Killed Jessica
  1281 | D:3      | Reached XP level 5. HP: 32/38 MP: 5/5
  1419 | D:3      | Noticed a hippogriff
  2161 | D:4      | Gained mutation: You passively map a small area around you.
                  | [potion of mutation]
  2161 | D:4      | Gained mutation: You are partially covered in slimy green
                  | scales. (AC +2) [potion of mutation]
  2161 | D:4      | Gained mutation: Your flesh is cold resistant. (rC+)
                  | [potion of mutation]
  2177 | D:5      | Entered Level 5 of the Dungeon
  2546 | D:5      | Reached XP level 6. HP: 11/46 MP: 6/6
  2554 | D:6      | Reached skill level 5 in Dodging
  2555 | D:6      | HP: 1/46 [centaur/arrow (8)]
  2556 | D:6      | Shot with an arrow by a centaur

Skill      XL: |  1  2  3  4  5  6 |
---------------+-------------------+-----
Dodging        | 4 5 |  5.1
Fighting       | 2 |  2.5
Long Blades    | 4 |  4.5
Armour         | 1 |  1.7
Stealth        | 1 |  1.9
Throwing       | |  1.8

Action                   |  1- 3 |  4- 6 || total
-------------------------+-------+-------++-------
Melee: Long sword        |    46 |    98 ||   144
       Bite              |     4 |    19 ||    23
       Short sword       |       |    35 ||    35
Throw: Throwing net      |     3 |     1 ||     4
  Use: Potion            |     2 |     9 ||    11
       Scroll            |     2 |     3 ||     5
 Stab: Sleeping          |       |     1 ||     1
Armor: Leather armour    |     4 |    57 ||    61
Dodge: Dodged            |    30 |   145 ||   175
       Rpst.: Long sword |    13 |    21 ||    34
